 Dungeon Crawl Stone Soup version 0.19-a0-1899-g2d93087 (webtiles) character file.

36 Leszczynek the Ruffian (level 3, 0/36 HPs)
             Began as an Ogre Warper on Oct 19, 2016.
             Slain by an iguana (9 damage)
             ... on level 3 of the Dungeon.
             The game lasted 00:05:13 (918 turns).

Leszczynek the Ruffian (Ogre Warper)                 Turns: 918, Time: 00:05:14

Health: 0/36       AC:  4    Str: 16    XL:     3   Next: 37%
Magic:  6/6        EV: 10    Int: 12    God:
Gold:   67         SH:  0    Dex: 10    Spells: 0 memorised, 6 levels left

rFire  + . .     SeeInvis .       - Unarmed
rCold  . . .     Gourm    .     a - +1 robe
rNeg   . . .     Faith    .     (no shield)
rPois  .         Spirit   .     (helmet restricted)
rElec  .         Reflect  .     (no cloak)
rCorr  .         Harm     .     (gloves unavailable)
MR     .....                    (boots unavailable)
Stlth  ++........               (no amulet)
                                q - ring of protection from fire
                                h - ring of stealth

@: very slightly contaminated, hasted, very quick
A: unfitting armour, tough skin 1
a: no special abilities


You were on level 3 of the Dungeon.
You were hungry.

You visited 1 branch of the dungeon, and saw 3 of its levels.

You collected 67 gold pieces.

Inventory:

Missiles
 f - 5 tomahawks of dispersal (quivered)
Armour
 a - a +1 robe (worn)
 j - a cursed +0 robe
Jewellery
 h - a ring of stealth (left hand)
 q - a ring of protection from fire (right hand)
Scrolls
 c - 2 scrolls of blinking
 e - a scroll of remove curse
Books
 b - a book of Spatial Translocations

   Spells                             Type                      Level
   a - Blink                          Translocation                2
   b - Shroud of Golubria             Charms/Translocation         2
   c - Lesser Beckoning               Translocation                3
   d - Portal Projectile              Translocation                3
   e - Teleport Other                 Translocation                3
   f - Passage of Golubria            Translocation                4
Comestibles
 d - 5 bread rations
 n - a slice of pizza
 p - a beef jerky


   Skills:
 - Level 2.6 Fighting
 - Level 1.0 Throwing
 - Level 2.1 Dodging
 + Level 3.3 Unarmed Combat
 - Level 2.4 Spellcasting
   Level 2.1 Translocations


You had 6 spell levels left.
You didn't know any spells.

Dungeon Overview and Level Annotations

Branches:
Dungeon (3/15)

Altars:
Nemelex Xobeh

Annotations:
D:3 Sigmund


Innate Abilities, Weirdness & Mutations

You are too large for most types of armour.
You have tough skin. (AC +1)


Message History

You barely miss the iguana.
The iguana is moderately wounded.
You closely miss the iguana.
The iguana is moderately wounded.
The iguana barely misses you.
You hit the iguana.
The iguana is moderately wounded.
The iguana bites you.
* * * LOW HITPOINT WARNING * * *
You hit the iguana but do no damage.
The iguana is moderately wounded.
You hit the iguana but do no damage.
The iguana is moderately wounded.
The iguana completely misses you.
You closely miss the iguana.
The iguana is moderately wounded.
You hit the iguana.
The iguana is severely wounded.
The iguana bites you!
You die...

##.####.## ##.## #
.......<.# ##...## #
#.######..#####.....####
##.#.......†.............
##
#....####.<#####.....####
.. #.. #.J# #....## #
#.#.. #..# #.#.## #
#....#######.# #.#.# #
#.........@lJ# #.#.# #
#.....######.......#.. .
#.....# ##.#.#.####
........# .# # .#......#
.# #.###### .# # ..


You could see an iguana and an ooze.

Vanquished Creatures
  An adder (D:3)
  A dart slug (D:2)
  A leopard gecko (D:1)
  2 bats (D:2)
  A giant cockroach (D:2)
  A goblin (D:1)
  3 hobgoblins
  3 jackals (D:2)
  A quokka (D:2)
  2 ball pythons
  A frilled lizard (D:1)
  3 kobolds
  3 rats
23 creatures vanquished.

Notes
Turn   | Place    | Note
-------+----------+-------------------------------------------
     0 | D:1      | Leszczynek the Ogre Warper began the quest for the Orb.
     0 | D:1      | Reached XP level 1. HP: 22/22 MP: 3/3
    19 | D:1      | Reached skill level 2 in Unarmed Combat
   139 | D:3      | Noticed an iguana
   257 | D:2      | Reached XP level 2. HP: 9/29 MP: 5/5
   442 | D:2      | Found a sparkling altar of Nemelex Xobeh.
   645 | D:3      | Reached skill level 3 in Unarmed Combat
   645 | D:3      | Reached XP level 3. HP: 29/36 MP: 6/6
   685 | D:3      | Noticed Sigmund
   918 | D:3      | Slain by an iguana

Vault maps used:
D:1:      roderic_crossed_star, grunt_decor_clamped, minmay_misc_feat_plants
D:2:      first_bread, minmay_misc_feat_alley, hex_large,
          nemelex_spade_bored_becter
D:3:      lemuel_doored_altar, minmay_misc_feat_hallway, uniq_robin,
          uniq_sigmund, uniq_terence

Skill      XL: |  1  2 |
---------------+-------+-----
Unarmed Combat | 2 3 |  3.3
Fighting       | |  2.6
Throwing       | |  1.0
Dodging        | |  2.1
Spellcasting   | |  2.4
Translocations | |  2.1

Action                   || total
-------------------------++-------
Melee: Unarmed           ||   120
       Punch             ||     1
  Use: Scroll            ||     5
       Potion            ||     3
 Stab: Sleeping          ||     1
Armor: Robe              ||    29
Dodge: Dodged            ||    68
